 Dungeon Crawl Stone Soup version 0.29.0 (webtiles) character file.

Game seed: 7309587805548894940

14953 themarg the Martial Artist (level 12, -6/92 HPs)
             Began as a Gnoll Transmuter on Aug 24, 2022.
             Was an Initiate of Gozag.
             Killed from afar by a gargoyle (17 damage)
             ... with a stone arrow
             ... on level 10 of the Dungeon.
             The game lasted 01:00:49 (18615 turns).

themarg the Martial Artist (Gnoll Transmuter)      Turns: 18615, Time: 01:00:49

Health: -6/92      AC:  2    Str: 11    XL:     12   Next: 21%
Magic:  34/34      EV: 26    Int: 17    God:    Gozag
Gold:   1203       SH:  0    Dex: 17    Spells: 19/29 levels left

rFire   . . .      SeeInvis .     - Unarmed
rCold   . . .      Faith    .   (shield currently unavailable)
rNeg    . . .      Spirit   .   (body armour currently unavailable)
rPois   x          Reflect  .   (helmet currently unavailable)
rElec   .          Harm     .   (cloak currently unavailable)
rCorr   .          Rampage  .   (gloves currently unavailable)
Will    .....                   (boots currently unavailable)
Stlth   ++++......              (no amulet)
HPRegen 0.25/turn               a - ring of magical power
MPRegen 0.24/turn               (no ring)

@: spider-form
A: venomous fangs, tiny, (fangs 1), strong nose, distributed training
a: End Transformation, Renounce Religion, Potion Petition, Call Merchant, Bribe
Branch


You were on level 10 of the Dungeon.
You worshipped Gozag.
Gozag was most pleased with you.
You were a venomous arachnid creature.
You visited 3 branches of the dungeon, and saw 13 of its levels.

You collected 2545 gold pieces.
You spent 154 gold pieces at shops.
You paid 1188 gold pieces to Gozag.

Inventory:

Hand Weapons
 n - the +3 whip "Conservator" (melded) {drain, rElec rC- rN++ Dex+4}
   (You found it on level 4 of the Dungeon)

   A truly terrible weapon, it drains the life of any living foe it strikes.
   Dex:       It affects your dexterity (+4).
   rC:        It makes you vulnerable to cold.
   rElec:     It insulates you from electricity.
   rN:        It greatly protects you from negative energy.
 q - a +5 flail of protection
 H - a +3 battleaxe
 M - a +7 mace
Missiles
 p - 14 poisoned darts
 B - 4 throwing nets
Armour
 c - a +2 robe of willpower (melded)
 i - a +2 leather armour of willpower
 E - a +0 pair of gloves (melded)
 F - a +0 helmet (melded)
 J - a +2 pair of boots
 Q - a +0 cloak (melded)
Jewellery
 a - a ring of magical power (left front leg)
 x - a ring of ice
 L - a ring of wizardry
Wands
 j - a wand of polymorph (8)
 o - a wand of flame (27) (quivered)
 C - a wand of mindburst (32)
 K - a wand of iceblast (10)
 S - a wand of paralysis (3)
Scrolls
 d - 2 scrolls of immolation {unknown}
 e - 2 scrolls of magic mapping {unknown}
 f - 2 scrolls of teleportation
 g - 6 scrolls of enchant weapon
 h - 2 scrolls of butterflies
 k - 6 scrolls of poison
 l - 2 scrolls of brand weapon
 v - a scroll of torment
 y - a scroll of vulnerability {unknown}
 D - 3 scrolls of noise
 N - 2 scrolls of blinking {unknown}
 O - a scroll of amnesia {unknown}
 P - a scroll of summoning {unknown}
 R - a scroll of silence {unknown}
Potions
 b - 4 potions of lignification
 m - 3 potions of mutation
 r - a potion of magic {unknown}
 s - 2 potions of flight
 t - 8 potions of ambrosia
 u - 3 potions of heal wounds
 w - 2 potions of might
 z - 3 potions of haste
 A - 3 potions of attraction
 G - 2 potions of invisibility
 I - a potion of degeneration {unknown}
 T - a potion of curing


   Skills:
 + Level 7.8 Fighting
 + Level 7.3 Short Blades
 + Level 7.3 Long Blades
 + Level 7.3 Axes
 + Level 7.3 Maces & Flails
 + Level 7.3 Polearms
 + Level 7.3 Staves
 + Level 7.3 Ranged Weapons
 + Level 7.3 Throwing
 + Level 7.3 Armour
 + Level 8.7 Dodging
 + Level 7.3 Stealth
 + Level 7.3 Shields
 + Level 9.9 Unarmed Combat
 + Level 9.0 Spellcasting
 + Level 6.1 Conjurations
 + Level 6.1 Hexes
 + Level 6.1 Summonings
 + Level 6.1 Necromancy
 + Level 6.1 Translocations
 + Level 7.3 Transmutations
 + Level 6.1 Fire Magic
 + Level 6.1 Ice Magic
 + Level 6.1 Air Magic
 + Level 6.1 Earth Magic
 + Level 6.1 Poison Magic
 + Level 8.0 Invocations
 + Level 7.3 Evocations


You had 19 spell levels left.
You knew the following spells:

 Your Spells              Type           Power      Damage    Failure   Level
a - Beastly Appendage     Tmut           64%        N/A       3%          1
b - Wereblood             Tmut           32%        N/A       4%          2
c - Spider Form           Tmut/Pois      30%        N/A       8%          3
d - Ice Form              Ice/Tmut       30%        N/A       17%         4

Your spell library contained the following spells:

 Spells                   Type           Power      Damage    Failure   Level
 Foxfire                  Conj/Fire      100%       2x1d9     4%          1
 Conjure Flame            Conj/Fire      28%        6-21      9%          3
 Gell's Gravitas          Tloc           28%        N/A       9%          3
 Inner Flame              Hex/Fire       28%        N/A       9%          3
 Lesser Beckoning         Tloc           28%        N/A       9%          3
 Ozocubu's Armour         Ice            28%        N/A       9%          3
 Portal Projectile        Hex/Tloc       56%        N/A       9%          3
 Stone Arrow              Conj/Erth      56%        3d10      9%          3
 Teleport Other           Tloc           28%        N/A       9%          3
 Tukima's Dance           Hex            28%        N/A       9%          3
 Animate Armour           Summ/Erth      56%        N/A       21%         4
 Flame Wave               Conj/Fire      28%        2d9       21%         4
 Blade Hands              Tmut           16%        N/A       30%         5
 Conjure Ball Lightning   Conj/Air       14%        3x3d6     89%         6
 Ozocubu's Refrigeration  Ice            14%        4d10      100%        7
 Discord                  Hex            14%        N/A       100%        8
 Disjunction              Tloc           14%        N/A       100%        8
 Lehudib's Crystal Spear  Conj/Erth      14%        10d5      100%        8


Dungeon Overview and Level Annotations

Branches:
Dungeon (10/15)            Temple (1/1) D:4            Lair (2/5) D:9
  Swamp: Lair:2-3    Shoals: Lair:2-3     Snake: Lair:2-3    Spider: Lair:2-3
    Orc: D:9-12

Altars:
Ashenzari
Cheibriados
Dithmenos
Elyvilon
Fedhas
Gozag
Hepliaklqana
Kikubaaqudgha
Makhleb
Nemelex Xobeh
Okawaru
Qazlal
Ru
Sif Muna
Trog
Uskayaw
Vehumet
Wu Jian
Xom
Yredelemnul
Zin
The Shining One

Shops:
D:9 ?   D:10 =

Annotations:
Lair:2 Harold


Innate Abilities, Weirdness & Mutations

You are a venomous arachnid creature.
You have poisonous fangs.
You are tiny and dextrous.
Your spellcasting is less reliable in this form.
Your armour is entirely melded.
You are incapable of wielding weapons or throwing items.
((You have very sharp teeth.))
Your uncanny sense of smell can sniff out nearby items.
Your experience applies equally to all skills.


Message History

The stone arrow misses you.
The cyclops throws a large rock.
The large rock completely misses you.
A magic dart appears from out of thin air!
The magic dart hits you!
Your transformation is almost over.
Your transformation has ended.
The +3 whip "Conservator" {drain, rElec rC- rN++ Dex+4} unmelds from your body.
Your +0 cloak unmelds from your body.
Your +0 helmet unmelds from your body.
Your +0 pair of gloves unmelds from your body.
Your +2 robe of willpower unmelds from your body.
You sense an unholy aura.
You feel strong-willed.
Casting: Spider Form (safe; 1% risk of failure)
Confirm with . or Enter, or press ? or * to list all spells.
You turn into a venomous arachnid creature.
The +3 whip "Conservator" {drain, rElec rC- rN++ Dex+4} melds into your body.
Your +0 cloak melds into your body.
Your +0 helmet melds into your body.
Your +0 pair of gloves melds into your body.
Your +2 robe of willpower melds into your body.
You feel less strong-willed.
The two-headed ogre attacks as you move away!
The two-headed ogre barely misses you.
The two-headed ogre completely misses you.
You bite the two-headed ogre!
The two-headed ogre is lightly wounded.
The two-headed ogre barely misses you. The two-headed ogre misses you.
The gargoyle hurls a stone arrow at you.
The stone arrow hits you!!
There is an escape hatch in the floor here.
There is an open door here.
The two-headed ogre attacks as you move away!
The two-headed ogre misses you.
The two-headed ogre completely misses you.
The two-headed ogre attacks as you move away!
The two-headed ogre hits you with a +0 giant spiked club!!
* * * LOW HITPOINT WARNING * * *
The two-headed ogre completely misses you.
The gargoyle hurls a stone arrow at you.
The stone arrow hits you!
You die...
Your body crumbles into a pile of gold.

.#......#.#...(..... #.#......#'
.#......#.#.......#####.#'###..#.
.#).....#.#.......#.........#..#.
.########.#.......#.........#..#.
..........#>.<....#......^..#..#.
.........##.......#.........#..#.
#........#........#.........#..#.
#........#........#.........#..##
#........#......s.#.......###....
#.######.#####....#.......# ....
#.# #.....#..O.#.......######.
..# #.....#....#............#.
..# #.....#...9#......).)...#.
..# #.....#....#.>...##'##..##
..######.....#.#'##.....#...#....
.............#.#........#...#....
########.....###........+...#....


You could see a two-headed ogre and a gargoyle.

Vanquished Creatures
  2 hydras (Lair:2)
  2 two-headed ogres
  2 black mambas
  2 cane toads (Lair:2)
  An unseen horror (D:10)
  5 komodo dragons
  A polar bear (Lair:1)
  A troll (D:9)
  A queen bee (Lair:1)
  A hornet (D:9)
  3 blink frogs
  2 wyverns
  13 yaks
  A basilisk (Lair:1)
  Edmund (D:4)
  4 water moccasins
  3 black bears
  2 orc warriors
  2 ice beasts
  A sky beast (D:7)
  2 ogres
  7 centaurs
  2 necrophages
  4 scorpions
  11 bullfrogs
  2 gnoll sergeants
  10 wights
  30 killer bees
  5 howler monkeys
  3 hounds
  2 jellies (D:5)
  4 orc priests
  A gnoll bouda (D:6)
  4 iguanas
  7 orc wizards
  9 adders
  21 gnolls
  2 shadow imps
  2 ufetubi
  2 worms (D:2)
  A dart slug (D:4)
  27 orcs
  6 endoplasms
  3 giant cockroaches
  16 hobgoblins
  6 jackals (D:3)
  A quokka (D:5)
  7 ball pythons
  6 bats
  2 frilled lizards (D:2)
  16 goblins
  14 kobolds
  2 rats (D:2)
287 creatures vanquished.

Vanquished Creatures (others)
  55 fungi
  54 plants
109 creatures vanquished.

Grand Total: 396 creatures vanquished

Notes
Turn   | Place    | Note
-------+----------+-------------------------------------------
     0 | D:1      | themarg the Gnoll Transmuter began the quest for the Orb.
     0 | D:1      | Reached XP level 1. HP: 17/17 MP: 6/6
   104 | D:1      | Reached XP level 2. HP: 20/23 MP: 7/7
   142 | D:1      | Learned a level 2 spell: Wereblood
   229 | D:1      | Found a faded altar of an unknown god.
   816 | D:2      | Reached skill level 5 in Spellcasting
   816 | D:2      | Reached XP level 3. HP: 27/28 MP: 6/9
  1369 | D:2      | Reached skill level 1 in Invocations
  1630 | D:2      | Reached skill level 1 in Short Blades
  1630 | D:2      | Reached skill level 1 in Long Blades
  1630 | D:2      | Reached skill level 1 in Axes
  1630 | D:2      | Reached skill level 1 in Maces & Flails
  1630 | D:2      | Reached skill level 1 in Polearms
  1630 | D:2      | Reached skill level 1 in Staves
  1630 | D:2      | Reached skill level 1 in Ranged Weapons
  1630 | D:2      | Reached skill level 1 in Throwing
  1630 | D:2      | Reached skill level 1 in Armour
  1630 | D:2      | Reached skill level 1 in Stealth
  1630 | D:2      | Reached skill level 1 in Shields
  1630 | D:2      | Reached skill level 1 in Evocations
  2129 | D:2      | Reached XP level 4. HP: 19/34 MP: 11/11
  3015 | D:3      | Reached skill level 1 in Conjurations
  3015 | D:3      | Reached skill level 1 in Hexes
  3015 | D:3      | Reached skill level 1 in Summonings
  3015 | D:3      | Reached skill level 1 in Necromancy
  3015 | D:3      | Reached skill level 1 in Translocations
  3015 | D:3      | Reached skill level 1 in Fire Magic
  3015 | D:3      | Reached skill level 1 in Ice Magic
  3015 | D:3      | Reached skill level 1 in Air Magic
  3015 | D:3      | Reached skill level 1 in Earth Magic
  3015 | D:3      | Reached skill level 1 in Poison Magic
  3045 | D:3      | Learned a level 3 spell: Spider Form
  3266 | D:3      | Found an ancient bone altar of Kikubaaqudgha.
  3786 | D:3      | Reached XP level 5. HP: 40/40 MP: 8/12
  4096 | D:4      | Noticed an orc warrior
  4097 | D:4      | Found a staircase to the Ecumenical Temple.
  4099 | D:4      | Identified the +3 whip "Conservator" {drain, rElec rC- rN++
                  | Dex+4}
  4114 | D:4      | Killed an orc warrior
  4115 | D:4      | Reached XP level 6. HP: 7/47 MP: 11/14
  4120 | D:4      | Reached skill level 5 in Dodging
  4301 | Temple   | Entered the Ecumenical Temple
  4481 | Temple   | Became a worshipper of Gozag Ym Sagoz the Greedy
  4847 | D:4      | Noticed Edmund
  4958 | D:4      | Killed Edmund
  4959 | D:4      | Reached XP level 7. HP: 24/52 MP: 10/15
  5145 | D:4      | Found a glowing golden altar of the Shining One.
  5554 | D:5      | Entered Level 5 of the Dungeon
  5912 | D:5      | Found an iron altar of Okawaru.
  6008 | D:5      | Reached XP level 8. HP: 59/60 MP: 12/16
  7074 | D:6      | Reached skill level 5 in Transmutations
  7411 | D:6      | Reached XP level 9. HP: 48/67 MP: 14/18
  7755 | D:6      | Reached skill level 5 in Fighting
  7941 | D:6      | Found an ornate altar of the Wu Jian Council.
  7941 | D:6      | Found a shadowy altar of Dithmenos.
  8519 | D:7      | Reached skill level 5 in Invocations
  9818 | D:8      | Reached skill level 5 in Short Blades
  9818 | D:8      | Reached skill level 5 in Long Blades
  9818 | D:8      | Reached skill level 5 in Axes
  9818 | D:8      | Reached skill level 5 in Maces & Flails
  9818 | D:8      | Reached skill level 5 in Polearms
  9818 | D:8      | Reached skill level 5 in Staves
  9818 | D:8      | Reached skill level 5 in Ranged Weapons
  9818 | D:8      | Reached skill level 5 in Throwing
  9818 | D:8      | Reached skill level 5 in Armour
  9818 | D:8      | Reached skill level 5 in Stealth
  9818 | D:8      | Reached skill level 5 in Shields
  9818 | D:8      | Reached skill level 5 in Evocations
  9818 | D:8      | Reached XP level 10. HP: 38/75 MP: 20/20
 10841 | D:8      | Noticed a two-headed ogre
 11238 | D:8      | Killed a two-headed ogre
 11546 | D:9      | Found a staircase to the Lair.
 12354 | D:9      | Found Fusemuil's Magic Scroll Emporium.
 12363 | D:9      | Bought a scroll of identify for 28 gold pieces
 12363 | D:9      | Bought a scroll of identify for 28 gold pieces
 12363 | D:9      | Bought a scroll of teleportation for 42 gold pieces
 12363 | D:9      | Bought a scroll of identify for 28 gold pieces
 12363 | D:9      | Bought a scroll of identify for 28 gold pieces
 12422 | D:9      | Found a bloodstained altar of Trog.
 12479 | D:9      | Learned a level 4 spell: Ice Form
 12511 | D:9      | Found a radiant altar of Vehumet.
 12544 | D:9      | Paralysed by a hornet for 3 turns
 12875 | D:9      | Reached skill level 5 in Conjurations
 12875 | D:9      | Reached skill level 5 in Hexes
 12875 | D:9      | Reached skill level 5 in Summonings
 12875 | D:9      | Reached skill level 5 in Necromancy
 12875 | D:9      | Reached skill level 5 in Translocations
 12875 | D:9      | Reached skill level 5 in Fire Magic
 12875 | D:9      | Reached skill level 5 in Ice Magic
 12875 | D:9      | Reached skill level 5 in Air Magic
 12875 | D:9      | Reached skill level 5 in Earth Magic
 12875 | D:9      | Reached skill level 5 in Poison Magic
 12875 | D:9      | Reached XP level 11. HP: 59/83 MP: 22/22
 13252 | D:10     | Entered Level 10 of the Dungeon
 13277 | D:10     | Noticed a two-headed ogre
 13297 | D:10     | Killed a two-headed ogre
 13920 | Lair:1   | Entered Level 1 of the Lair of Beasts
 15343 | Lair:2   | Noticed Harold
 15379 | Lair:2   | Noticed a five-headed hydra
 15389 | Lair:2   | Killed a five-headed hydra
 16558 | Lair:2   | Noticed a seven-headed hydra
 16575 | Lair:2   | HP: 5/100 [seven-headed hydra (9)]
 17028 | Lair:2   | Killed a seven-headed hydra
 17029 | Lair:2   | Reached XP level 12. HP: 78/91 MP: 24/24
 17871 | D:10     | Found a shimmering blue altar of Sif Muna.
 17878 | D:10     | Found a stormy altar of Qazlal.
 17889 | D:10     | Found a broken altar of Ashenzari.
 18011 | D:10     | Found Dosuuve's Jewellery Emporium.
 18560 | D:10     | Noticed a two-headed ogre
 18615 | D:10     | Killed from afar by a gargoyle

Illustrated notes

Levels and vault maps discovered:
D:1:      psy_arrival_fountain, layout_rooms,
          ebering_ecumenical_altar_sacrificial
D:2:      layout_loops_ring, grunt_ministairs_4, kennysheep_cross_bottleneck,
          skrybe_limestone_x, minmay_misc_feat_more_columns, minivault_14,
          minmay_misc_feat_rugged, minmay_box_of_dots
D:3:      layout_basic, mainiacjoe_overflow_chevrons
D:4:      layout_loops_corners, tso_altar, minmay_temple_entry_drinking_statues,
          uniq_edmund
D:5:      layout_basic, kennysheep_okawaru_gauntlet, minmay_crossroads
D:6:      layout_basic, gammafunk_temple_overflow_pools, grunt_ministairs_3,
          minivault_24, minmay_large_rounded_square, grunt_decor_fettered,
          chequers_mini_garden, minmay_checkerbox
D:7:      corexii_shantytown, layout_basic
D:8:      layout_loops_ring, nicolae_figureground_pulse
D:9:      layout_long_grid, mainiacjoe_overflow_tiny_flanked,
          kennysheep_mini_moat, due_lair_maze_entry_diamond, serial_shops,
          nicolae_stop_n_shop_1
D:10:     layout_irregular_city, evilmike_ruin_ashenzari,
          mainiacjoe_overflow_big_doors, serial_shops,
          nicolae_shop_advertising_works [nicolae_subvault_shop_adworks],
          lightli_fourway_metalbox
Temple:   minmay_temple_bridge_abc
Lair:1:   layout_long_grid, special_room [special_room_bee],
          serial_bayou_shore_a, lemuel_fruit_tree
Lair:2:   layout_gridlike, beast_lair_carwin_9, lemuel_fruit_fields, uniq_harold

Skill      XL: |  1  2  3  4  5  6  7  8  9 10 11 12 |
---------------+-------------------------------------+-----
Spellcasting   | 5 6 7 8 9 |  9.0
Invocations    | 1 2 3 4 5 6 7 8 |  8.0
Short Blades   | 1 2 3 5 6 7 |  7.3
Long Blades    | 1 2 3 5 6 7 |  7.3
Axes           | 1 2 3 5 6 7 |  7.3
Maces & Flails | 1 2 3 5 6 7 |  7.3
Polearms       | 1 2 3 5 6 7 |  7.3
Staves         | 1 2 3 5 6 7 |  7.3
Ranged Weapons | 1 2 3 5 6 7 |  7.3
Throwing       | 1 2 3 5 6 7 |  7.3
Armour         | 1 2 3 5 6 7 |  7.3
Stealth        | 1 2 3 5 6 7 |  7.3
Shields        | 1 2 3 5 6 7 |  7.3
Evocations     | 1 2 3 5 6 7 |  7.3
Conjurations   | 1 2 3 4 5 6 |  6.1
Hexes          | 1 2 3 4 5 6 |  6.1
Summonings     | 1 2 3 4 5 6 |  6.1
Necromancy     | 1 2 3 4 5 6 |  6.1
Translocations | 1 2 3 4 5 6 |  6.1
Fire Magic     | 1 2 3 4 5 6 |  6.1
Ice Magic      | 1 2 3 4 5 6 |  6.1
Air Magic      | 1 2 3 4 5 6 |  6.1
Earth Magic    | 1 2 3 4 5 6 |  6.1
Poison Magic   | 1 2 3 4 5 6 |  6.1
Fighting       | 3 4 5 6 7 |  7.8
Transmutations | 4 5 6 7 |  7.3
Dodging        | 5 6 7 8 |  8.7
Unarmed Combat | 7 8 9 |  9.9

Action                   |  1- 3 |  4- 6 |  7- 9 | 10-12 || total
-------------------------+-------+-------+-------+-------++-------
Melee: Short sword       |   104 |    73 |       |       ||   177
       Headbutt          |    12 |     7 |       |       ||    19
       Kick              |    22 |    13 |       |       ||    35
       Unarmed           |     1 |    45 |   302 |   418 ||   766
       Bite              |    10 |     7 |     3 |       ||    20
       Punch             |     2 |     5 |       |       ||     7
       Spear             |       |     2 |     4 |       ||     6
       Whip              |       |    10 |     9 |     2 ||    21
 Cast: Beastly Appendage |    20 |    16 |       |       ||    36
       Wereblood         |     1 |     4 |     8 |    10 ||    23
       Spider Form       |       |    10 |    47 |    33 ||    90
       Ice Form          |       |       |       |    14 ||    14
Invok: Potion Petition   |       |       |       |     2 ||     2
Evoke: Wand              |       |       |       |     1 ||     1
  Use: Scroll            |       |     5 |     6 |     8 ||    19
       Potion            |       |     2 |     1 |     3 ||     6
 Stab: Sleeping          |     1 |     2 |     5 |     6 ||    14
       Distracted        |       |       |       |     4 ||     4
Armor: Robe              |    15 |    12 |     2 |       ||    29
       Skin              |       |     2 |    12 |    41 ||    55
Dodge: Dodged            |    60 |    77 |   289 |   416 ||   842
